 Dungeon Crawl Stone Soup version 0.22-a0-280-g69bf1f3 (webtiles) character file.

8117 RoseArtemis the Basher (level 11, -4/99 HPs)
             Began as a Minotaur Fighter on Mar 16, 2018.
             Was a High Priest of Okawaru.
             Slain by a sun demon (14 damage)
             ... summoned by a kobold demonologist
             ... on level 9 of the Dungeon.
             The game lasted 00:26:48 (8843 turns).

RoseArtemis the Basher (Minotaur Fighter)           Turns: 8843, Time: 00:26:48

Health: -4/99      AC: 10    Str: 20    XL:     11   Next: 5%
Magic:  8/10       EV: 14    Int:  6    God:    Okawaru [*****.]
Gold:   664        SH: 14    Dex: 13    Spells: 10/10 levels left

rFire    . . .     SeeInvis .   i - +2 whip (vamp)
rCold    + . .     Gourm    .   c - +0 shield
rNeg     . . .     Faith    .   x - +1 leather armour of Integrity {+Blink rC+ MR+ rCorr}
rPois    +         Spirit   .   (helmet restricted)
rElec    .         Reflect  .   h - +1 cloak
rCorr    +         Harm     .   (no gloves)
MR       +....                  n - +0 pair of boots
Stlth    +++.......             (no amulet)
HPRegen  0.26/turn              C - ring of poison resistance
MPRegen  0.12/turn              (no ring)

@: heroism
A: retaliatory headbutt, horns 2
a: Heroism, Finesse, Renounce Religion, Evoke Blink


You were on level 9 of the Dungeon.
You worshipped Okawaru.
Okawaru was extremely pleased with you.
You were not hungry.

You visited 2 branches of the dungeon, and saw 10 of its levels.

You collected 664 gold pieces.

Inventory:

Hand Weapons
 i - a +2 vampiric whip (weapon)
 G - a +1 whip of venom
Armour
 b - a +0 scale mail
 c - a +0 shield (worn)
 h - a +1 cloak (worn)
 n - a +0 pair of boots (worn)
 x - the +1 leather armour of Integrity (worn) {+Blink rC+ MR+ rCorr}
   (You found it on level 9 of the Dungeon)

   It protects you from cold.
   It affects your resistance to hostile enchantments.
   It lets you blink.
   It protects you from acid and corrosion.
Jewellery
 y - an uncursed ring of ice
 C - a ring of poison resistance (left hand)
Wands
 z - a wand of iceblast (21)
 F - a wand of acid (12)
 H - a wand of enslavement (10)
 J - a wand of scattershot (7)
Scrolls
 e - a scroll of blinking
 k - 3 scrolls of enchant armour
 p - 2 scrolls of amnesia
 r - 5 scrolls of magic mapping
 s - 5 scrolls of teleportation
 t - a scroll of fear {unknown}
 v - a scroll of random uselessness {unknown}
 A - a scroll of holy word {unknown}
 E - 2 scrolls of remove curse
 K - 2 scrolls of identify
Potions
 a - 2 potions of lignification
 d - a potion of might
 g - 2 potions of berserk rage
 j - 5 potions of curing
 l - 3 potions of heal wounds
 m - 2 potions of brilliance
 o - a potion of mutation {unknown}
 q - a potion of cancellation {unknown}
 u - a potion of agility
 w - a potion of degeneration {unknown}
 B - a potion of ambrosia {unknown}
 D - a potion of flight {unknown}
Comestibles
 f - 13 rations
 I - 6 chunks of flesh


   Skills:
 + Level 9.9(14.9) Fighting
 * Level 12.8(17.8) Maces & Flails
 + Level 9.9(14.9) Armour
 + Level 9.9(14.9) Shields


You had 10 spell levels left.
You didn't know any spells.

Dungeon Overview and Level Annotations

Branches:
Dungeon (9/15)             Temple (1/1) D:5
   Lair: D:8-11         Orc: D:9-12

Altars:
Ashenzari
Cheibriados
Dithmenos
Elyvilon
Fedhas
Gozag
Hepliaklqana
Kikubaaqudgha
Makhleb
Nemelex Xobeh
Okawaru
Qazlal
Ru
Sif Muna
Trog
Uskayaw
Vehumet
Wu Jian
Xom
Yredelemnul
Zin
The Shining One


Innate Abilities, Weirdness & Mutations

You reflexively headbutt those who attack you in melee.
You have a pair of horns on your head.


Message History

You headbutt the sun demon!
You block the kobold demonologist's attack.
You gain the combat prowess of a mighty hero.
The sun demon hits you!
You are engulfed in flames!
* * * LOW HITPOINT WARNING * * *
The kobold demonologist gestures wildly while chanting.
You completely miss the kobold demonologist.
You headbutt the kobold demonologist.
The kobold demonologist is heavily wounded.
You block the sun demon's attack.
You hit the kobold demonologist but do no damage.
The kobold demonologist is heavily wounded.
You block the kobold demonologist's attack.
You block the hellwing's attack. x2
You feel much better. The sun demon hits you!!
* * * LOW HITPOINT WARNING * * *
You are engulfed in flames!
* * * LOW HITPOINT WARNING * * *
The sun demon hits you!
You die...

#.......# #####
#########.......#############....
#...............#..........##....
#.#######............#####.##....
..# #.....[....### #.##....
.########........### #...##..
........<......###5# #...##.#
######...^..#####K# #...##.#
#.....###..3@.# #..##..#
#####...###..####4# #..#..##
....[.###(#.######.# #..#.#
....###.#.#.##..#### #..#.###
.####.#.#.#.##....### #..#.##.
.##.......รท..#......### #..#.##.
.####.#.#.#.##..#.....####..#.##.
.######[#.#.##..###.....##..#.##.
.##.#####.#.##...#....##.#..#.##.


You could see a sun demon, a hellwing, a kobold demonologist and an ufetubus.

Vanquished Creatures
  2 two-headed ogres
  A deep elf mage (D:9)
  Maurice (D:9)
  A troll (D:9)
  Grinder (D:4)
  A hornet (D:9)
  5 yaks (D:9)
  A human (D:8)
  2 hungry ghosts
  A water moccasin (D:8)
  3 orc warriors
  3 sky beasts
  2 ice beasts (D:7)
  A phantom (D:9)
  5 ogres
  7 centaurs
  3 big kobolds
  6 bullfrogs
  2 wyvern skeletons
  3 scorpions
  An electric eel (D:7)
  A howler monkey (D:9)
  6 crimson imps
  2 quasits
  A jelly (D:6)
  A bullfrog zombie (D:5)
  6 hounds
  10 orc priests
  6 orc wizards
  A centaur skeleton (D:6)
  5 iguanas
  6 worker ants
  A hound zombie (D:8)
  3 worker ant zombies
  4 gnolls (D:2)
  6 adders
  3 shadow imps
  4 oozes
  An adder skeleton (D:5)
  2 dart slugs (D:1)
  The ghost of ThereIsNoGod the Sneak, a weakling SpVM (D:3)
  4 leopard geckos
  26 orcs
  4 bats
  3 giant cockroaches
  12 goblins
  8 hobgoblins
  3 jackals (D:1)
  13 kobolds
  5 quokkas
  2 ball pythons
  3 frilled lizards
  A jackal simulacrum (D:9)
  A leopard gecko skeleton (D:8)
  3 rats
210 creatures vanquished.

Vanquished Creatures (others)
  3 plants (D:4)
3 creatures vanquished.

Grand Total: 213 creatures vanquished

Notes
Turn   | Place    | Note
-------+----------+-------------------------------------------
     0 | D:1      | RoseArtemis the Minotaur Fighter began the quest for the Orb.
     0 | D:1      | Reached XP level 1. HP: 19/19 MP: 0/0
     1 | D:1      | Noticed an electric eel
   189 | D:1      | Reached XP level 2. HP: 27/27 MP: 1/1
   222 | D:1      | Reached skill level 3 in Maces & Flails
   362 | D:1      | Reached XP level 3. HP: 33/33 MP: 2/2
   819 | D:2      | Reached XP level 4. HP: 21/40 MP: 3/3
  1036 | D:2      | Reached skill level 4 in Maces & Flails
  1471 | D:3      | Noticed ThereIsNoGod's ghost (weakling SpVM)
  1486 | D:3      | Killed ThereIsNoGod's ghost
  1632 | D:3      | Reached XP level 5. HP: 42/47 MP: 4/4
  1739 | D:3      | Found a basalt altar of Yredelemnul.
  1763 | D:3      | Found a shimmering altar of Xom.
  2304 | D:4      | Noticed an ogre
  2318 | D:4      | Killed an ogre
  2318 | D:4      | Reached skill level 5 in Fighting
  2318 | D:4      | Reached skill level 5 in Maces & Flails
  2318 | D:4      | Reached XP level 6. HP: 53/56 MP: 5/5
  2398 | D:4      | Found a shattered altar of Ashenzari.
  2402 | D:4      | Saw a vision of the Swamp and the Spider Nest.
  2402 | D:4      | Noticed an alligator
  2402 | D:4      | Noticed an alligator
  2402 | D:4      | Noticed an alligator
  2402 | D:4      | Noticed a redback
  2402 | D:4      | Noticed a hornet
  2402 | D:4      | Noticed a redback
  2402 | D:4      | Noticed a wolf spider
  2402 | D:4      | Noticed a wolf spider
  2403 | D:4      | Noticed a wolf spider
  2403 | D:4      | Noticed a redback
  2404 | D:4      | Noticed a redback
  2404 | D:4      | Noticed a wolf spider
  2405 | D:4      | Noticed a wolf spider
  2598 | D:4      | Noticed Grinder
  2613 | D:4      | Paralysed by Grinder for 6 turns
  2619 | D:4      | Killed Grinder
  2619 | D:4      | Reached skill level 6 in Maces & Flails
  2619 | D:4      | Reached skill level 5 in Armour
  2619 | D:4      | Reached skill level 5 in Shields
  2631 | D:4      | Reached XP level 7. HP: 25/61 MP: 6/6
  2936 | D:5      | Entered Level 5 of the Dungeon
  3122 | D:5      | Found a staircase to the Ecumenical Temple.
  3126 | Temple   | Entered the Ecumenical Temple
  3166 | Temple   | Became a worshipper of Warmaster Okawaru
  3907 | D:6      | Reached skill level 7 in Maces & Flails
  3974 | D:6      | Found a shadowy altar of Dithmenos.
  4051 | D:6      | Reached XP level 8. HP: 51/70 MP: 7/7
  4165 | D:6      | Reached * piety under Okawaru
  4374 | D:6      | Reached skill level 8 in Maces & Flails
  4874 | D:7      | Reached ** piety under Okawaru
  5009 | D:7      | Reached skill level 9 in Maces & Flails
  5031 | D:7      | Reached XP level 9. HP: 79/79 MP: 8/8
  5514 | D:7      | Found an ancient bone altar of Kikubaaqudgha.
  5877 | D:8      | Reached skill level 10 in Maces & Flails
  5928 | D:8      | Reached *** piety under Okawaru
  6058 | D:8      | Noticed a two-headed ogre
  6236 | D:8      | Killed a two-headed ogre
  6466 | D:8      | Reached **** piety under Okawaru
  6466 | D:8      | Reached skill level 11 in Maces & Flails
  6485 | D:8      | Reached XP level 10. HP: 76/90 MP: 9/9
  7837 | D:9      | Got a smoking leather armour
  7848 | D:9      | Identified the +1 leather armour of Integrity {+Blink rC+ MR+ rCorr} (You found it on level 9 of the Dungeon)
  7887 | D:9      | Noticed a two-headed ogre
  7910 | D:9      | Killed a two-headed ogre
  7910 | D:9      | Reached skill level 12 in Maces & Flails
  8134 | D:9      | Noticed Maurice
  8182 | D:9      | Killed Maurice
  8182 | D:9      | Reached ***** piety under Okawaru
  8784 | D:9      | Noticed a deep elf mage
  8792 | D:9      | Killed a deep elf mage
  8792 | D:9      | Reached XP level 11. HP: 99/99 MP: 7/10
  8836 | D:9      | Noticed a sun demon
  8843 | D:9      | Slain by a sun demon

Vault maps used:
D:1:      arrival_aquarium_a, hangedman_decor_peaks_small
D:3:      old_standard_altar, xom_teletrap_fun
D:4:      grunt_ashenzari_visionary, uniq_grinder
D:5:      minmay_temple_entry_glassed_door, first_ration
D:6:      nicolae_dithmenos_shadow_blocks
D:7:      basic_altar, kennysheep_generic_room_9
D:8:      grunt_pizzeria, st_stairs_1
D:9:      minmay_the_grid_triangle_9x9_rhombus_full, uniq_maurice
Temple:   nicolae_temple_the_god_donut

Skill      XL: |  1  2  3  4  5  6  7  8  9 10 |
---------------+-------------------------------+-----
Maces & Flails | 3 4 5 6 7 9 11 12 | 12.8
Shields        | 4 5 6 7 8 9 |  9.9
Armour         | 4 5 6 7 8 9 |  9.9
Fighting       | 4 5 6 7 8 9 |  9.9

Action                   |  1- 3 |  4- 6 |  7- 9 | 10-12 || total
-------------------------+-------+-------+-------+-------++-------
Melee: Flail             |    33 |       |       |       ||    33
       Headbutt          |    11 |    24 |    95 |    76 ||   206
       Whip              |    54 |   151 |   509 |   373 ||  1087
Invok: Heroism           |       |       |       |     4 ||     4
  Use: Scroll            |       |     5 |     6 |     7 ||    18
       Potion            |       |       |       |     2 ||     2
  Eat: Ration            |     1 |       |     1 |       ||     2
       Chunk             |     1 |     6 |    11 |     8 ||    26
Armor: Scale mail        |    20 |    55 |   149 |    26 ||   250
       Leather armour    |       |       |       |    57 ||    57
Dodge: Dodged            |    24 |    37 |   119 |    62 ||   242
Block: Shield            |    42 |    52 |   218 |   144 ||   456

Table legend:
 A = Spawn XP
 B = Non-spawn XP
 C = Spawn XP percentage of total XP
 D = Spawn monster count
 E = Non-spawn monster count
 F = Spawn count percentage of total count
 G = Total turns spent on level
                    A         B        C        D         E        F      G
               +---------+---------+-------+---------+---------+-------+---------
         Total |       0 |   11597 |   0.0 |       0 |     210 |   0.0 |  8843
               +---------+---------+-------+---------+---------+-------+---------
           D:1 |       0 |      47 |   0.0 |       0 |      19 |   0.0 |   776
           D:2 |       0 |     112 |   0.0 |       0 |      23 |   0.0 |   655
           D:3 |       0 |      81 |   0.0 |       0 |      21 |   0.0 |   668
           D:4 |       0 |     496 |   0.0 |       0 |      10 |   0.0 |   837
           D:5 |       0 |     307 |   0.0 |       0 |       8 |   0.0 |   649
           D:6 |       0 |     967 |   0.0 |       0 |      23 |   0.0 |   825
           D:7 |       0 |    1555 |   0.0 |       0 |      25 |   0.0 |  1332
           D:8 |       0 |    2691 |   0.0 |       0 |      38 |   0.0 |  1226
           D:9 |       0 |    5341 |   0.0 |       0 |      43 |   0.0 |  1620
               +---------+---------+-------+---------+---------+-------+---------
